 Dungeon Crawl Stone Soup version 0.20.0-9-g8272e65 (webtiles) character file.

17647 Kosschaser the Severer (level 12, -15/169 HPs)
             Began as a Hill Orc Berserker on June 2, 2017.
             Was a Priest of Trog.
             Demolished by a death yak (23 damage)
             ... on level 11 of the Dungeon.
             The game lasted 00:39:09 (11585 turns).

Kosschaser the Severer (Hill Orc Berserker)        Turns: 11585, Time: 00:39:10

Health: -15/169    AC:  8    Str: 26    XL:     12   Next: 50%
Magic:  0/10       EV: 18    Int:  9    God:    Trog [***...]
Gold:   625        SH:  0    Dex: 12    Spells: 11/11 levels left

rFire    + . .     SeeInvis .   g - +3 war axe (venom)
rCold    . . .     Gourm    .   (no shield)
rNeg     . . .     Faith    .   H - +2 leather armour {rF+}
rPois    .         Spirit   +   l - +0 helmet
rElec    .         Reflect  .   (no cloak)
rCorr    +         Harm     .   I - +0 pair of gloves
MR       ++...     Clarity  +   (no boots)
Stlth    ..........             k - amulet of guardian spirit
Regen    1.4/turn               J - ring of resist corrosion
MPRegen  0.2/turn               m - +3 ring of evasion

@: berserking, regenerating, very quick
A: blink, blurry vision 1, clarity, clever 1, clumsy 1, low mp 1, wild magic 1,
MP-powered wands
a: Blink, Berserk, Trog's Hand, Burn Spellbooks, Renounce Religion


You were on level 11 of the Dungeon.
You worshipped Trog.
Trog was most pleased with you.
You were very hungry.

You visited 1 branch of the dungeon, and saw 11 of its levels.

You collected 625 gold pieces.

Inventory:

Hand Weapons
 g - a +3 war axe of venom (weapon)
 s - a +3 war axe of electrocution
Missiles
 y - 8 exploding tomahawks (quivered)
Armour
 l - a +0 helmet (worn)
 H - a +2 leather armour of fire resistance (worn)
 I - a +0 pair of gloves (worn)
Jewellery
 k - an amulet of guardian spirit (around neck)
 m - a +3 ring of evasion (right hand)
 q - an uncursed ring of poison resistance
 J - a ring of resist corrosion (left hand)
Wands
 d - a wand of iceblast (8/15)
 v - a wand of acid (5/15)
 B - a wand of flame (13/48)
 F - a wand of scattershot (6/9)
Scrolls
 b - 3 scrolls of identify
 i - 4 scrolls of teleportation
 j - 3 scrolls of recharging
 o - 3 scrolls of fear
 p - 7 scrolls of remove curse
 w - 2 scrolls of enchant armour
 x - a scroll of fog
 C - a scroll of magic mapping
 D - a scroll of silence {unknown}
Potions
 a - 2 potions of agility
 e - a potion of might
 h - 6 potions of flight
 n - 5 potions of curing
 t - 4 potions of heal wounds
 u - 3 potions of haste
 z - a potion of invisibility
 A - a potion of resistance {unknown}
 E - a potion of lignification {unknown}
 G - 2 potions of degeneration {unknown}
Comestibles
 c - 6 bread rations
 f - 5 meat rations
 r - 3 royal jellies
 K - 2 chunks of flesh


   Skills:
 + Level 12.4 Fighting
 + Level 17.5 Axes
 + Level 8.1 Armour
 + Level 6.3 Dodging


You had 11 spell levels left.
You didn't know any spells.

Dungeon Overview and Level Annotations

Branches:
Dungeon (11/15)            Temple (0/1) D:4            Lair (0/6) D:11
    Orc (0/2) D:11

Altars:
Ashenzari
Dithmenos
Elyvilon
Gozag
Kikubaaqudgha
Makhleb
Nemelex Xobeh
Okawaru
Qazlal
Uskayaw
Vehumet
Yredelemnul

Shops:
D:4 }   D:7 *   D:9 %[%=}


Innate Abilities, Weirdness & Mutations

You can translocate small distances at will.
Scrolls take you a little longer to read.
You possess an exceptional clarity of mind.
Your mind is acute. (Int +2)
You are clumsy. (Dex -2)
Your magical capacity is low. (-10% MP)
Your spells are a little harder to cast, but a little more powerful.
You expend magic power (3 MP) to strengthen your wands.


Message History

The death yak gores you.
* * * LOW HITPOINT WARNING * * *
You slash the death yak!
The death yak is lightly wounded.
You slice the death yak!!
The death yak is heavily wounded.
The death yak barely misses you.
You slash the death yak!
The death yak is poisoned.
The death yak is heavily wounded.
You hit the death yak.
The death yak looks as sick as possible!
The death yak is heavily wounded.
The death yak gores you!!
* * * LOW HITPOINT WARNING * * *
You slice the death yak!!
The death yak is almost dead.
You barely miss the death yak.
The death yak is almost dead.
The death yak gores you!!
You die...

#....'.....≈.≈≈.#####(....
#....'....≈≈≈≈..#...'.....
#....#))≈≈≈≈≈≈..#####(....
.......#..≈≈≈≈≈≈≈...........
###########..≈≈≈≈≈≈≈..(........
#...........≈≈≈..≈.≈≈..........
#........÷≈≈≈.....≈≈≈.........)
#..........#####....≈≈.........
#..........#..@YC...(.≈........
#.........{#####))..≈≈≈........
#≈≈≈≈≈≈.......)....≈≈..........
#.....≈≈≈.....C≈≈≈≈≈...........
#.......≈≈≈...≈≈...............
#.........≈≈≈≈≈.......##'##...)
#.....................#...#....
#.....................#####....
#..............................


You could see a death yak and a cyclops.

Vanquished Creatures
  2 minotaurs (D:11)
  The ghost of Kosschaser the Cleaver, a novice HOBe of Trog (D:9)
  3 death yaks (D:11)
  4 two-headed ogres (D:11)
  2 ugly things
  A komodo dragon (D:11)
  6 yaktaurs (D:11)
  A troll (D:11)
  Prince Ribbit (D:6)
  A hippogriff (D:11)
  A spriggan (D:7)
  12 yaks (D:11)
  A wyvern (D:11)
  A hungry ghost (D:10)
  Duvessa (D:7)
  2 soldier ants
  2 black bears
  2 orc warriors
  An ice beast (D:9)
  3 ogres
  4 sky beasts
  A phantom (D:10)
  2 crocodiles
  6 centaurs
  2 big kobolds (D:8)
  3 bullfrogs
  Dowan (D:7)
  2 scorpions
  6 killer bees (D:7)
  2 howler monkeys
  5 wights
  2 electric eels (D:11)
  A bullfrog zombie (D:11)
  3 crimson imps
  2 centaur zombies
  3 jellies
  A quasit (D:9)
  4 orc priests
  7 hounds
  A bullfrog skeleton (D:6)
  3 centaur skeletons
  Natasha (twice) (D:2)
  An iguana (D:9)
  8 orc wizards
  A statue (D:7)
  12 worker ants
  A hound zombie (D:9)
  A hound skeleton (D:4)
  A worker ant zombie (D:11)
  15 gnolls
  14 adders
  3 shadow imps
  An ooze (D:2)
  A worm (D:2)
  2 dart slugs (D:2)
  4 leopard geckos
  43 orcs
  4 giant cockroaches
  7 goblins
  2 hobgoblins (D:2)
  6 jackals
  7 kobolds
  4 quokkas
  4 ball pythons
  3 bats
  3 frilled lizards
  A jackal zombie (D:5)
  7 rats
  26 plants (D:11)
293 creatures vanquished.

Vanquished Creatures (collateral kills)
  A centaur skeleton (D:11)
  2 yaktaurs (D:11)
  2 trolls (D:11)
  An orc warrior (D:11)
  3 ogres (D:11)
  2 big kobolds (D:11)
  3 gnoll sergeants (D:11)
  7 gnolls (D:11)
  6 orcs (D:11)
27 creatures vanquished.

Vanquished Creatures (others)
  5 plants (D:11)
5 creatures vanquished.

Grand Total: 325 creatures vanquished

Notes
Turn   | Place    | Note
-------+----------+-------------------------------------------
     0 | D:1      | Kosschaser the Hill Orc Berserker began the quest for the Orb.
     0 | D:1      | Reached XP level 1. HP: 19/19 MP: 1/1
   509 | D:1      | Reached XP level 2. HP: 27/27 MP: 2/2
   817 | D:2      | Reached XP level 3. HP: 5/33 MP: 3/3
  1080 | D:2      | Reached ** piety under Trog
  1187 | D:2      | Reached skill level 5 in Axes
  1243 | D:2      | Found a white marble altar of Elyvilon.
  1243 | D:2      | Found an iron altar of Okawaru.
  1348 | D:2      | Reached XP level 4. HP: 25/41 MP: 4/4
  1648 | D:2      | Noticed Natasha
  1660 | D:2      | Killed Natasha
  1823 | D:3      | Reached XP level 5. HP: 36/47 MP: 5/5
  2013 | D:3      | Found an ancient bone altar of Kikubaaqudgha.
  2339 | D:2      | Noticed Natasha
  2351 | D:2      | Killed Natasha
  2351 | D:2      | Reached skill level 6 in Axes
  2518 | D:4      | Reached *** piety under Trog
  2531 | D:4      | Found a staircase to the Ecumenical Temple.
  2535 | D:4      | Reached skill level 5 in Fighting
  2603 | D:4      | Reached XP level 6. HP: 48/56 MP: 6/6
  2757 | D:4      | Found Kutun's Gadget Boutique.
  2843 | D:4      | Reached skill level 7 in Axes
  2975 | D:4      | Reached XP level 7. HP: 61/61 MP: 7/7
  3178 | D:5      | Entered Level 5 of the Dungeon
  3260 | D:5      | Found a shattered altar of Ashenzari.
  3335 | D:5      | Found a sparkling altar of Nemelex Xobeh.
  3605 | D:5      | Found a basalt altar of Yredelemnul.
  3672 | D:6      | Noticed Prince Ribbit
  3678 | D:5      | Reached skill level 8 in Axes
  3679 | D:5      | Reached **** piety under Trog
  4094 | D:6      | Reached XP level 8. HP: 64/70 MP: 6/8
  4164 | D:6      | Reached skill level 9 in Axes
  4210 | D:6      | Killed Prince Ribbit
  4517 | D:7      | Reached skill level 10 in Axes
  4517 | D:7      | Reached skill level 5 in Armour
  4622 | D:7      | Found Hostraoc's Assorted Antiques.
  4758 | D:7      | Found a radiant altar of Vehumet.
  4901 | D:7      | Noticed Dowan
  4902 | D:7      | Noticed Duvessa
  4916 | D:7      | Killed Duvessa
  4924 | D:7      | Killed Dowan
  5147 | D:7      | Reached XP level 9. HP: 56/79 MP: 9/9
  5151 | D:7      | Reached skill level 11 in Axes
  5409 | D:7      | Found a radiant altar of Vehumet.
  5536 | D:7      | Reached ***** piety under Trog
  5800 | D:8      | Found a hide-covered altar of Uskayaw.
  5804 | D:8      | Noticed a hand axe
  5805 | D:8      | Noticed a dagger
  6036 | D:8      | Found a burning altar of Makhleb.
  6206 | D:8      | Reached skill level 12 in Axes
  6291 | D:8      | Gained mutation: You evolve. [mutagenic meat]
  6292 | D:8      | Gained mutation: You can translocate small distances at will. [mutagenic meat]
  6293 | D:8      | Gained mutation: Scrolls take you a little longer to read. [mutagenic meat]
  6294 | D:8      | Gained mutation: Your mind is acute. (Int +2) [mutagenic meat]
  6295 | D:8      | Gained mutation: You expend magic power (3 MP) to strengthen your wands. [mutagenic meat]
  6419 | D:8      | Lost mutation: You evolve. [evolution]
  6553 | D:8      | Gained mutation: Your spells are a little harder to cast, but a little more powerful. [mutagenic meat]
  6555 | D:8      | Gained mutation: Your magical capacity is low. (-10% MP) [mutagenic meat]
  6556 | D:8      | Gained mutation: You are clumsy. (Dex -2) [mutagenic meat]
  6656 | D:9      | Found Dealy's Food Shop.
  6681 | D:9      | Found Teqeseah's Food Shop.
  6787 | D:9      | Found Ysaqyij's Armour Shop.
  6917 | D:9      | Found a stormy altar of Qazlal.
  7016 | D:9      | Noticed Kosschaser's ghost (novice HOBe)
  7038 | D:9      | Killed Kosschaser's ghost
  7038 | D:9      | Reached skill level 13 in Axes
  7038 | D:9      | Reached XP level 10. HP: 90/90 MP: 6/9
  7048 | D:9      | Found a shadowy altar of Dithmenos.
  7078 | D:9      | Found Momoh's Jewellery Shoppe.
  7138 | D:9      | Found an opulent altar of Gozag.
  7282 | D:9      | Found Giunytax's Gadget Shop.
  7390 | D:10     | Entered Level 10 of the Dungeon
  7635 | D:10     | Noticed a brown ugly thing
  7643 | D:10     | Killed a brown ugly thing
  7643 | D:10     | Reached skill level 14 in Axes
  7729 | D:10     | Found a shadowy altar of Dithmenos.
  8146 | D:11     | Noticed a two-headed ogre
  8381 | D:11     | Killed a two-headed ogre
  8681 | D:11     | Noticed a two-headed ogre
  8692 | D:11     | Killed a two-headed ogre
  8692 | D:11     | Reached skill level 5 in Dodging
  8692 | D:11     | Reached XP level 11. HP: 47/99 MP: 3/9
  8930 | D:11     | Reached skill level 15 in Axes
  8956 | D:11     | Found a staircase to the Lair.
  8973 | D:11     | Reached skill level 10 in Fighting
  9091 | D:11     | Noticed a two-headed ogre
  9099 | D:11     | Killed a two-headed ogre
  9359 | D:11     | Noticed a two-headed ogre
  9369 | D:11     | Killed a two-headed ogre
  9382 | D:11     | Reached skill level 16 in Axes
  9591 | D:11     | Noticed a death yak
  9591 | D:11     | Noticed a death yak
 10237 | D:11     | Found a staircase to the Orcish Mines.
 10243 | D:11     | Received a gift from Trog
 10431 | D:11     | Noticed a purple ugly thing
 10504 | D:11     | Noticed a minotaur
 10514 | D:11     | Killed a minotaur
 10516 | D:11     | Killed a death yak
 10516 | D:11     | Reached XP level 12. HP: 83/110 MP: 4/10
 10885 | D:11     | Reached skill level 17 in Axes
 10898 | D:11     | Noticed a death yak
 10898 | D:11     | Killed a death yak
 10899 | D:11     | Noticed a minotaur
 11335 | D:11     | Gained mutation: Your body sometimes deteriorates upon taking damage. [mutagenic meat]
 11336 | D:11     | Lost mutation: You can translocate small distances at will. [mutagenic meat]
 11337 | D:11     | Lost mutation: Your body sometimes deteriorates upon taking damage. [mutagenic meat]
 11338 | D:11     | Gained mutation: You can translocate small distances at will. [mutagenic meat]
 11339 | D:11     | Gained mutation: You possess an exceptional clarity of mind. [mutagenic meat]
 11522 | D:11     | Killed a minotaur
 11570 | D:11     | Noticed a death yak
 11575 | D:11     | Killed a death yak
 11583 | D:11     | HP: 7/169 [death yak (18)]
 11585 | D:11     | Demolished by a death yak

Skill      XL: |  1  2  3  4  5  6  7  8  9 10 11 12 |
---------------+-------------------------------------+-----
Fighting       | 4 5 6 7 8 9 11 12 | 12.4
Axes           | 5 6 7 8 10 13 14 16 17 | 17.5
Armour         | 3 4 5 6 7 8 |  8.1
Dodging        | 2 3 4 5 6 |  6.3

Action                   |  1- 3 |  4- 6 |  7- 9 | 10-12 || total
-------------------------+-------+-------+-------+-------++-------
Melee: Hand axe          |    98 |   148 |       |       ||   246
       War axe           |       |    18 |   289 |   442 ||   749
Invok: Trog's Hand       |       |       |     4 |     6 ||    10
       Berserk           |       |       |     2 |     5 ||     7
       Brothers in Arms  |       |       |       |     4 ||     4
       Burn Spellbooks   |       |       |       |     2 ||     2
 Abil: Blink             |       |       |     1 |       ||     1
  Use: Scroll            |       |     9 |     9 |     5 ||    23
       Potion            |       |       |       |     1 ||     1
 Stab: Distracted        |       |       |       |     1 ||     1
  Eat: Chunk             |     1 |     5 |    23 |    24 ||    53
       Royal jelly       |       |       |     1 |     1 ||     2
       Bread ration      |       |       |       |     1 ||     1
Armor: Ring mail         |    38 |    40 |    58 |    12 ||   148
       Leather armour    |       |       |       |    56 ||    56
Dodge: Dodged            |    66 |   118 |   236 |   256 ||   676
